 Dungeon Sprint DCSS version 0.21-a0-278-ga722497 (webtiles) character file.

18 potatolord6000 the Skirmisher (level 2, -4/42 HPs)
             Began as a Hill Orc Fighter on Sept 21, 2017.
             Was a Believer of Beogh.
             Slain by a warg (12 damage)
             ... in the Dungeon (Sprint VII: "The Pits").
             The game lasted 00:00:42 (121 turns).

potatolord6000 the Skirmisher (Hill Orc Fighter)     Turns: 121, Time: 00:00:43

Health: -4/42      AC:  7    Str: 23    XL:     2   Next: 66%
Magic:  2/4        EV:  7    Int:  8    God:    Beogh [**....]
Gold:   0          SH:  9    Dex: 10    Spells: 1/1 levels left

rFire    . . .     SeeInvis .   a - +0 war axe
rCold    . . .     Gourm    .   c - +0 shield
rNeg     . . .     Faith    .   b - +0 scale mail
rPois    .         Spirit   .   (no helmet)
rElec    .         Reflect  .   (no cloak)
rCorr    .         Harm     .   (no gloves)
MR       .....     NoTele   +   (no boots)
Stlth    ..........             (no amulet)
HPRegen  0.14/turn              (no ring)
MPRegen  0.09/turn              (no ring)

@: mighty, berserking, very quick
A: no striking features
a: Smiting, Renounce Religion


You were in the Dungeon.
You worshipped Beogh.
Beogh was pleased with you.
You were not hungry.

You visited 1 branch

Inventory:

Hand Weapons
 a - a +0 war axe (weapon)
Armour
 b - a +0 scale mail (worn)
 c - a +0 shield (worn)
Scrolls
 k - a scroll of blinking
 m - 3 scrolls of remove curse
 n - 5 scrolls of amnesia
 o - a scroll of summoning
Potions
 i - 4 potions of magic
 j - 2 potions of berserk rage
 l - 2 potions of invisibility
Comestibles
 f - 8 bread rations
 p - 40 fruits
 q - 7 meat rations


   Skills:
 + Level 4.7 Fighting
 + Level 3.7 Axes
 + Level 4.2 Armour
 + Level 4.0 Shields
 + Level 2.6 Invocations


You had one spell level left.
You didn't know any spells.

Dungeon Overview and Level Annotations

Branches:
Dungeon (1/1)

Altars:
Ashenzari
Cheibriados
Dithmenos
Elyvilon
Fedhas
Gozag
Hepliaklqana
Kikubaaqudgha
Makhleb
Nemelex Xobeh
Okawaru
Qazlal
Ru
Sif Muna
Trog
Uskayaw
Vehumet
Wu Jian
Xom
Yredelemnul
Zin
The Shining One
Beogh
Jiyva
Lugonu


Message History

The warg is heavily wounded.
The warg pauses to sniff the ground.
The warg barely misses you.
Unknown command.
You miss the warg.
The warg is heavily wounded.
The warg bites you but does no damage.
Unknown command.
You barely miss the warg.
The warg is heavily wounded.
You block the warg's attack.
Unknown command.
You completely miss the warg.
The warg is heavily wounded.
The warg barely misses you. You block the warg's attack.
Unknown command.
You slash the warg!
The warg is almost dead.
The warg bites you!
You die...

##########.##..........
#..........†'..........
#+#####'#####......#..#
#.....# #..........
#.....# ####'#####+
###'### #.......#
#.....# #.......#
#.....# #.......#
####@## #...<...#
#..†h†...##.......#
#........##.......#
###########.......#
#########


You could see a warg.

Vanquished Creatures
  2 ufetubi (D)
  A leopard gecko (D)
  A bat skeleton (D)
  A giant cockroach (D)
  A ball python (D)
  A frilled lizard (D)
  A jackal zombie (D)
8 creatures vanquished.

Notes
Turn   | Place    | Note
-------+----------+-------------------------------------------
     0 | D        | potatolord6000 the Hill Orc Fighter began the quest for the Orb.
     0 | D        | Reached XP level 1. HP: 19/19 MP: 1/1
    43 | D        | Found a bloodstained altar of Trog.
    43 | D        | Found a deep blue altar of Sif Muna.
    43 | D        | Found a viscous altar of Jiyva.
    43 | D        | Found a hazy altar of Hepliaklqana.
    43 | D        | Found an opulent altar of Gozag.
    44 | D        | Found a glowing golden altar of the Shining One.
    44 | D        | Found a glowing silver altar of Zin.
    44 | D        | Found a basalt altar of Yredelemnul.
    44 | D        | Found a shimmering altar of Xom.
    44 | D        | Found an ornate altar of the Wu Jian Council.
    44 | D        | Found a sacrificial altar of Ru.
    44 | D        | Found a stormy altar of Qazlal.
    44 | D        | Found an iron altar of Okawaru.
    44 | D        | Found a sparkling altar of Nemelex Xobeh.
    44 | D        | Found a burning altar of Makhleb.
    44 | D        | Found a blossoming altar of Fedhas.
    44 | D        | Found a white marble altar of Elyvilon.
    44 | D        | Found a shadowy altar of Dithmenos.
    44 | D        | Found a snail-covered altar of Cheibriados.
    46 | D        | Found a radiant altar of Vehumet.
    46 | D        | Found a corrupted altar of Lugonu.
    46 | D        | Found a roughly hewn altar of Beogh.
    48 | D        | Found an ancient bone altar of Kikubaaqudgha.
    48 | D        | Found a hide-covered altar of Uskayaw.
    48 | D        | Found a shattered altar of Ashenzari.
    56 | D        | Became a worshipper of Beogh the Brigand
    94 | D        | Reached skill level 1 in Invocations
    94 | D        | Reached XP level 2. HP: 25/27 MP: 1/3
   102 | D        | Reached * piety under Beogh
   108 | D        | Noticed a warg
   113 | D        | Reached ** piety under Beogh
   121 | D        | Slain by a warg

Vault maps used:
D:        pitsprint

Skill      XL: |  1  2 |
---------------+-------+-----
Axes           | 3 |  3.7
Fighting       | 4 |  4.7
Invocations    | 1 2 |  2.6
Armour         | 4 |  4.2
Shields        | 4 |  4.0

Action                   || total
-------------------------++-------
Melee: War axe           ||    31
  Use: Potion            ||     5
Armor: Scale mail        ||    29
Dodge: Dodged            ||    19
Block: Shield            ||    28

Table legend:
 A = Spawn XP
 B = Non-spawn XP
 C = Spawn XP percentage of total XP
 D = Spawn monster count
 E = Non-spawn monster count
 F = Spawn count percentage of total count
 G = Total turns spent on level
                    A         B        C        D         E        F      G
               +---------+---------+-------+---------+---------+-------+---------
         Total |       0 |      26 |   0.0 |       0 |       8 |   0.0 |   121
               +---------+---------+-------+---------+---------+-------+---------
             D |       0 |      26 |   0.0 |       0 |       8 |   0.0 |   121
               +---------+---------+-------+---------+---------+-------+---------
